 Dungeon Crawl Stone Soup version 0.27-a0-594-g2aaa8dbbc2 (webtiles) character file.

Game seed: 17575836057938983766

70 ReteAZ the Covered (level 4, 0/29 HPs)
             Began as a Gargoyle Fighter on Mar 11, 2021.
             Killed from afar by Sigmund (8 damage)
             ... with a magic dart
             ... on level 2 of the Dungeon.
             The game lasted 00:00:48 (993 turns).

ReteAZ the Covered (Gargoyle Fighter)                Turns: 993, Time: 00:00:49

Health: 0/29       AC: 10    Str: 18 (20) XL:     4   Next: 21%
Magic:  4/4        EV:  7    Int:  6 (9)  God:
Gold:   40         SH:  9    Dex:  8 (9)  Spells: 3/3 levels left

rFire    . . .     SeeInvis .   a - +0 war axe
rCold    . . .     Faith    .   c - +0 kite shield
rNeg     + . .     Spirit   .   b - +0 scale mail
rPois    ∞         Reflect  .   (no helmet)
rElec    +         Harm     .   (no cloak)
rCorr    .         Rampage  .   (no gloves)
Will     .....                  (no boots)
Stlth    ..........             (no amulet)
HPRegen  0.09/turn              (no ring)
MPRegen  0.09/turn              (no ring)

@: mighty
A: negative energy resistance 1, electricity resistance, torment resistance 1,
unbreathing 1, petrification resistance, AC +3
a: no special abilities


You were on level 2 of the Dungeon.
You visited 1 branch of the dungeon, and saw 2 of its levels.

You collected 40 gold pieces.

Inventory:

Hand Weapons
 a - a +0 war axe (weapon)
Armour
 b - a +0 scale mail (worn)
 c - a +0 kite shield (worn)
Scrolls
 e - 3 scrolls of identify {unknown}
 g - a scroll of enchant armour {unknown}


   Skills:
 + Level 3.8 Fighting
 * Level 2.8 Axes
 + Level 3.8 Armour
 + Level 3.8 Shields


You had 3 spell levels left.
You didn't know any spells.
Your spell library was empty.

Dungeon Overview and Level Annotations

Branches:
Dungeon (2/15)

Altars:
Sif Muna

Annotations:
D:2 Sigmund


Innate Abilities, Weirdness & Mutations

Your stone body is resilient. (AC +3)
You are immune to poison.
You resist negative energy. (rN+)
You are resistant to electric shocks. (rElec)
You are resistant to unholy torment.
You can survive without breathing.
You are immune to petrification.


Message History

The puff of flame hits you. The frilled lizard closely misses you.
You miss the frilled lizard. You block Sigmund's attack.
The frilled lizard bites you but does no damage.
The frilled lizard barely misses you.
Sigmund hits you from afar with a +1 scythe of pain!
You are too injured to fight recklessly!
You are too injured to fight recklessly!
You are too injured to fight recklessly!
You are too injured to fight recklessly!
You are too injured to fight recklessly!
You are too injured to fight recklessly!
You are too injured to fight recklessly!
You are too injured to fight recklessly!
You are too injured to fight recklessly!
You feel very mighty all of a sudden. You block the frilled lizard's attack.
It was a potion of degeneration.
There was something very wrong with that liquid.
You feel weakened.
You feel dopey.
You feel clumsy.
Sigmund hits you from afar with a +1 scythe of pain.
The frilled lizard closely misses you.
Sigmund hits you with a +1 scythe of pain.
* * * LOW HITPOINT WARNING * * *
You barely miss Sigmund. You hit the frilled lizard.
You kill the frilled lizard!
Sigmund closely misses you.
You barely miss Sigmund. You barely miss the bat. You block the bat's attack.
You block Sigmund's attack. The bat closely misses you.
You barely miss Sigmund. You slash the bat!
You kill the bat!
You block Sigmund's attack.
You closely miss Sigmund. Sigmund hits you but does no damage.
You slash Sigmund!
Sigmund is heavily wounded.
You block Sigmund's attack.
You slash Sigmund!
Sigmund is almost dead.
Sigmund points at you and mumbles some strange words.
The magic dart hits you!
You die...

###########
#.........#
#.†.......##
#..........#
#..........###
######............#
...........†.....##
.........†.@......#
......#..[..@.....#
........$..........
####...............
.......#........#
####....#...).....
#....#!.#......
#....!.........


You could see Sigmund.

Vanquished Creatures
  An ooze (D:2)
  3 worms (D:2)
  A dart slug (D:1)
  4 leopard geckos
  5 goblins
  5 hobgoblins
  5 jackals (D:2)
  7 bats
  5 frilled lizards
  9 kobolds
  3 rats
48 creatures vanquished.

Vanquished Creatures (others)
  4 plants (D:2)
4 creatures vanquished.

Grand Total: 52 creatures vanquished

Notes
Turn   | Place    | Note
-------+----------+-------------------------------------------
     0 | D:1      | ReteAZ the Gargoyle Fighter began the quest for the Orb.
     0 | D:1      | Reached XP level 1. HP: 14/14 MP: 1/1
   144 | D:1      | Reached XP level 2. HP: 18/19 MP: 2/2
   452 | D:1      | Reached XP level 3. HP: 23/23 MP: 3/3
   822 | D:2      | Found a shimmering blue altar of Sif Muna.
   950 | D:2      | Reached XP level 4. HP: 29/29 MP: 4/4
   977 | D:2      | Noticed Sigmund
   993 | D:2      | Killed from afar by Sigmund

Illustrated notes

Levels and vault maps discovered:
D:1:      giann_bridges, layout_basic
D:2:      cheibrodos_old_hovel, layout_basic, overflow_temple_1_default,
          zin_scriptorium, uniq_sigmund

Skill      XL: |  1 |
---------------+----+-----
Axes           | 2 |  2.8
Fighting       | |  3.8
Armour         | |  3.8
Shields        | |  3.8

Action                   |  1- 3 |  4- 6 || total
-------------------------+-------+-------++-------
Melee: War axe           |   140 |    25 ||   165
  Use: Potion            |       |     2 ||     2
Armor: Scale mail        |    95 |    11 ||   106
Dodge: Dodged            |    63 |    15 ||    78
Block: Kite shield       |   102 |    15 ||   117

Table legend: (Time is in decaauts)
 A = Elapsed time spent in this place.
 B = Non-inter-level travel time spent in this place.
 C = Inter-level travel time spent in this place.
 D = Time resting spent in this place.
 E = Time spent auto-exploring this place.
 F = Levels seen in this place.
 G = Mean time per level.
                   A        B        C        D        E       F      G
               +--------+--------+--------+--------+--------+-----+--------+
         Total |   1094 |   1065 |     29 |      0 |    702 |   2 |  547.0 |
       Dungeon |   1094 |   1065 |     29 |      0 |    702 |   2 |  547.0 |
               +--------+--------+--------+--------+--------+-----+--------+

Top non-repeatable levels by time:
     D:1: 859 daAuts
     D:2: 234 daAuts
